 Dungeon Crawl Stone Soup version 0.31-a0-986-g5e6e4ef867 (webtiles) character file.

Game seed: 6449548353318604633

142 bmb222 the Ruffian (level 5, -6/37 HPs)
             Began as a Demonspawn Shapeshifter on Nov 22, 2023.
             Killed by nerve-wracking pain
             ... invoked by an orc priest
              (10 damage)
             ... on level 4 of the Dungeon.
             The game lasted 00:03:44 (2741 turns).

bmb222 the Ruffian (Demonspawn Shapeshifter)        Turns: 2741, Time: 00:03:44

Health: -6/37      AC:  8    Str: 17    XL:     5   Next: 4%
Magic:  4/4        EV:  8    Int: 11    God:
Gold:   176        SH:  4    Dex: 12    Spells: 4/4 levels left

rFire   . .          .
                       - Unarmed
rCold   . . .        (no shield)
rNeg    . . .        q - +0 chain mail
rPois   .            (helmet currently unavailable)
rElec   .            (cloak currently unavailable)
rCorr   .            (gloves currently unavailable)
SInv    .            (boots currently unavailable)
Will    .....        (no amulet) Stlth
                     (no ring)
HPRegen 0.26/turn    (no ring)
MPRegen 0.09/turn

%: no passive effects
@: beast-form, attractive
A: beast (slay +1), hooves 1, condensation shield, claws 1, low MP 1
a: Begin Untransformation


You were on level 4 of the Dungeon.
You were a hulking beast.
You visited 1 branch of the dungeon, and saw 4 of its levels.

You collected 176 gold pieces.

Inventory:

Missiles
 k - 2 throwing nets
Armour
 a - a +0 animal skin
 o - a +0 ring mail
 q - a +0 chain mail (worn)
 t - the +0 scale mail of the Thirsty Lies {Harm Regen+ Int+3 Slay+3}
   (You found it on level 3 of the Dungeon)

   Int+3:     It affects your intelligence (+3).
   Slay+3:    It affects your accuracy & damage with ranged weapons and melee
   (+3).
   Regen+:    It increases your rate of health regeneration.
   Harm:      It increases damage dealt and taken.
 w - a +0 helmet
Jewellery
 g - a ring of fire
 l - a +6 ring of intelligence
Talismans
 c - a beast talisman
 d - a flux talisman
Scrolls
 e - 3 scrolls of identify {unknown}
 h - a scroll of revelation {unknown}
 m - 2 scrolls of butterflies {unknown}
 n - 3 scrolls of fog {unknown}
 s - a scroll of noise {unknown}
 u - a scroll of enchant weapon {unknown}
Potions
 b - a potion of lignification
 f - 2 potions of resistance {unknown}
 i - 2 potions of mutation
 j - 2 potions of attraction
 p - a potion of enlightenment {unknown}
 r - a potion of heal wounds {unknown}
 v - a potion of might {unknown}


   Skills:
 + Level 1.3 Fighting
 * Level 2.0 Armour
 - Level 1.7 Dodging
 + Level 4.0 Unarmed Combat
 + Level 3.2 Shapeshifting


You had 4 spell levels left.
You didn't know any spells.
Your spell library contained the following spells:

 Spells                   Type           Power      Damage    Failure   Level
 Magic Dart               Conj           0%         1d3       99%         1
 Blink                    Tloc           0%         N/A       99%         2
 Call Imp                 Summ           0%         N/A       99%         2
 Jinxbite                 Hex            0%         N/A       99%         2
 Mephitic Cloud           Conj/Pois/Air  0%         N/A       100%        3
 Fulminant Prism          Conj/Hex       0%         3d5       100%        4
 Manifold Assault         Tloc           0%         N/A       100%        4
 Vhi's Electric Charge    Tloc/Air       0%         N/A       100%        4


Dungeon Overview and Level Annotations

Branches:
Dungeon (4/15)
 Temple: D:4-7

Altars:


Innate Abilities, Weirdness & Mutations

You are a hulking beast.
Your limbs bulge with bestial killing power. (Slay +1)
You have large cloven feet.
A meltable shield of frost defends you. (SH +4)
You have sharp fingernails.
Your magical capacity is low. (-10% MP)


Message History

The quokka bites you but does no damage.
The orc priest completely misses you. The orc hits you but does no damage.
The goblin unwields a +0 sling.
The goblin wields a +0 club.
The goblin hits you but does no damage.
You barely miss the orc. Your kick misses the orc.
The orc is almost dead.
The quokka closely misses you. The orc hits you with a +0 war axe!
The orc priest mumbles some strange prayers to Beogh against you.
Pain shoots through your body!
* * * LOW HITPOINT WARNING * * *
You punch the orc!
You kill the orc!
The goblin hits you but does no damage.
The quokka bites you but does no damage.
The orc priest barely misses you.
Unknown command.
You hit the orc priest. You kick the orc priest.
The orc priest is heavily wounded.
The goblin hits you but does no damage. You block the quokka's attack.
The orc priest hits you with a +0 flail.
* * * LOW HITPOINT WARNING * * *
You barely miss the orc priest. Your kick misses the orc priest.
The orc priest is heavily wounded.
The quokka bites you.
* * * LOW HITPOINT WARNING * * *
The goblin hits you but does no damage. The orc priest closely misses you.
It was a potion of mutation.
You feel extremely strange.
Your fingernails lengthen.
You feel less energetic.
The quokka bites you but does no damage.
You block the goblin's attack. You block the orc priest's attack.
The quokka barely misses you.
It was a potion of attraction.
You feel attractive to monsters. The goblin hits you with a +0 club.
* * * LOW HITPOINT WARNING * * *
The quokka bites you.
* * * LOW HITPOINT WARNING * * *
The orc priest invokes the aid of Beogh against you.
Pain shoots through your body!
You die...

..................
./........<.......
..................
..................
..................
..........$..>....
......)r..........
#.....oh.........#
#.....g..........#
............#.....#
....###......#####
. .... ##......#
#.....##.......#
... ....#.....#
.... ...##.....#
......#.###....#


You could see an orc priest, a quokka and a goblin.

Vanquished Creatures
  An orc priest (D:4)
  Robin (D:2)
  An adder (D:2)
  A white imp (D:3)
  2 worms (D:2)
  2 dart slugs
  2 orcs
  7 ball pythons
  5 bats
  5 endoplasms
  3 giant cockroaches
  8 goblins
  12 hobgoblins
  3 jackals (D:1)
  6 quokkas
  3 kobolds
  4 rats
66 creatures vanquished.

Notes
Turn   | Place    | Note
-------+----------+-------------------------------------------
     0 | D:1      | bmb222 the Demonspawn Shapeshifter began the quest for the
                  | Orb.
     0 | D:1      | Reached XP level 1. HP: 15/15 MP: 1/1
   128 | D:1      | Gained mutation: You have large cloven feet. [demonic
                  | ancestry]
   128 | D:1      | Reached XP level 2. HP: 21/21 MP: 2/2
   172 | D:1      | Reached skill level 3 in Unarmed Combat
   685 | D:1      | Reached XP level 3. HP: 24/26 MP: 3/3
  1054 | D:2      | Identified the "Lemmor"
  1457 | D:2      | Reached skill level 1 in Armour
  1580 | D:2      | Noticed Robin
  1609 | D:2      | Reached XP level 4. HP: 18/32 MP: 4/4
  1614 | D:2      | Killed Robin
  2350 | D:3      | Identified the +0 scale mail of the Thirsty Lies {Harm
                  | Regen+ Int+3 Slay+3}
  2733 | D:4      | Reached skill level 4 in Unarmed Combat
  2733 | D:4      | Gained mutation: A meltable shield of frost defends you.
                  | (SH +4) [demonic ancestry]
  2733 | D:4      | Reached XP level 5. HP: 31/37 MP: 5/5
  2740 | D:4      | Gained mutation: You have sharp fingernails. [potion of
                  | mutation]
  2740 | D:4      | Gained mutation: Your magical capacity is low. (-10% MP)
                  | [potion of mutation]
  2741 | D:4      | Killed from afar by an orc priest

Illustrated notes

Levels and vault maps discovered:
D:1:      scummos_arrival_simple_crosswalls, layout_basic,
          hangedman_glass_teeth, grunt_decor_fettered, minmay_misc_feat_square
D:2:      layout_loops_ring, uniq_robin
D:3:      layout_loops_ring
D:4:      layout_rooms

Skill      XL: |  1  2  3  4 |
---------------+-------------+-----
Shapeshifting  | 3 |  3.2
Unarmed Combat | 3 4 |  4.0
Armour         | 1 2 |  2.0
Fighting       | |  1.3
Dodging        | |  1.7

Action                     |  1- 3 |  4- 6 || total
---------------------------+-------+-------++-------
  Melee: Unarmed           |   112 |    61 ||   173
         Punch             |     1 |     2 ||     3
         Kick              |    25 |    18 ||    43
    Use: Potion            |       |     2 ||     2
   Stab: Sleeping          |     3 |       ||     3
 Armour: Animal skin       |    36 |       ||    36
         Ring mail         |    28 |     3 ||    31
         Chain mail        |       |    55 ||    55
  Dodge: Dodged            |    67 |    30 ||    97
  Block: Other             |       |     3 ||     3

Table legend: (Time is in decaauts)
 A = Elapsed time spent in this place.
 B = Non-inter-level travel time spent in this place.
 C = Inter-level travel time spent in this place.
 D = Time resting spent in this place.
 E = Time spent auto-exploring this place.
 F = Levels seen in this place.
 G = Mean time per level.
                   A        B        C        D        E       F      G
               +--------+--------+--------+--------+--------+-----+--------+
         Total |   2730 |   2627 |    103 |      0 |   2196 |   4 |  682.5 |
       Dungeon |   2730 |   2627 |    103 |      0 |   2196 |   4 |  682.5 |
               +--------+--------+--------+--------+--------+-----+--------+

Top non-repeatable levels by time:
     D:1: 1152 daAuts
     D:2: 812 daAuts
     D:3: 687 daAuts
     D:4: 77 daAuts
